Map: Blackpink LE

Players

Neeb - Winner!

  • Race: Protoss Protoss
  • Spawn Location: 1:00

Zanster

  • Race: Zerg Zerg
  • Spawn Location: 7:00

Event: WCS Leipzig 2018

VOD

Have the link to the VOD?

Description

Time

  • Played on: Jan. 26, 2018, 12:35 p.m.
  • Length: 9:23

All games in this series

Show
View Real Time Build Order
Export as new Build Order

Neeb Protoss - Winner!

Build Orders: 1 Gate Expand, Oracle Opening, Phoenix Opening 

Get SALT Encoding   

  12  0:00  Probe  
  13  0:12  Probe  
  14  0:20  Pylon  
  14  0:24  Probe  
  15  0:33  Assimilator  
  15  0:38  Probe (Chrono Boost)  
  16  0:44  Gateway  
  17  0:50  Probe (Chrono Boost)  
  17  0:56  Probe (Chrono Boost)  
  18  1:04  Probe  
  19  1:16  Probe  
  20  1:23  Nexus  
  20  1:35  Cybernetics Core  
  20  1:36  Probe  
  21  1:42  Assimilator  
  21  1:48  Probe  
  21  1:51  Pylon  
  22  2:00  Probe  
  23  2:09  Adept (Chrono Boost)  
  23  2:12  Probe  
  26  2:20  Stargate  
  26  2:25  Probe (Chrono Boost)  
  26  2:27  Adept (Chrono Boost)  
  29  2:35  Probe (Chrono Boost), Warp Gate  
  31  2:43  Probe (Chrono Boost)  
  32  2:45  Probe (Chrono Boost), Adept  
  32  2:49  Probe (Chrono Boost)  
  32  2:50  Probe (Chrono Boost)  
  36  3:01  Probe  
  36  3:02  Probe  
  36  3:04  Phoenix (Chrono Boost)  
  40  3:10  Pylon  
  40  3:13  Probe  
  40  3:14  Probe  
  42  3:24  Gateway  
  42  3:25  Probe  
  42  3:26  Probe  
  44  3:28  Oracle (Chrono Boost)  
  47  3:34  Gateway  
  47  3:37  Probe  
  47  3:38  Probe  
  49  3:43  Assimilator  
  49  3:46  Assimilator  
  49  3:49  Probe  
  49  3:50  Probe  
  49  3:55  Oracle (Chrono Boost)  
  54  3:59  Pylon  
  54  4:12  Twilight Council  
  54  4:17  Probe x2  
  56  4:27  Pylon  
  56  4:29  Probe x2  
  58  4:37  Adept  
  58  4:38  Adept  
  62  4:40  Resonating Glaives (Chrono Boost), Pylon  
  62  4:41  Probe  
  62  4:43  Pylon  
  62  4:45  Probe  
  63  4:47  Adept  
  65  4:53  Probe  
  65  4:57  Probe  
  67  5:05  Probe, Adept x2  
  66  5:09  Probe, Adept  
  65  5:17  Probe  
  65  5:20  Nexus  
  64  5:21  Probe, Pylon  
  64  5:27  Adept x2  
  69  5:30  Probe, Adept  
  69  5:34  Probe, Robotics Facility  
  73  5:44  Probe  
  73  5:47  Adept x2  
  78  5:50  Probe  
  78  5:53  Pylon x2  
  78  5:56  Probe  
  78  5:57  Adept  
  82  6:02  Shield Battery  
  82  6:03  Probe  
  83  6:08  Adept x2  
  83  6:10  Probe  
  88  6:18  Gateway  
  88  6:21  Gateway  
  88  6:22  Robotics Bay  
  88  6:24  Probe x2  
  90  6:29  Sentry x2  
  90  6:31  Sentry  
  96  6:34  Immortal (Chrono Boost)  
  92  6:46  Gateway  
  88  6:48  Probe x2  
  88  6:49  Probe  
  88  6:52  Pylon  
  88  6:53  Sentry x2  
  89  6:57  Shield Battery  
  89  6:58  Shield Battery  
  89  7:00  Probe  
  91  7:04  Immortal (Chrono Boost)  
  92  7:08  Assimilator  
  92  7:12  Adept x2, Pylon  
  96  7:18  Adept x3  
  102  7:25  Shield Battery  
  102  7:27  Shield Battery  
  102  7:29  Colossus (Chrono Boost)  
  108  7:37  Sentry x2  
  108  7:40  Probe  
  108  7:41  Probe  
  108  7:42  Assimilator  
  108  7:43  Probe  
  115  7:47  Adept x3  
  121  7:52  Probe  
  121  7:54  Pylon  
  122  8:00  Forge  
  122  8:06  Colossus (Chrono Boost)  
  128  8:13  Stalker x6  
  126  8:32  Probe  
  113  8:38  Stalker  
  113  8:39  Stalker x5  
  125  8:52  Gateway  
  125  8:54  Gateway  
  125  8:56  Observer, Nexus  
  125  8:59  Pylon  
  126  9:04  Adept  
  126  9:05  Adept  
  126  9:09  Adept  
  132  9:12  Adept x2  
Show
View Real Time Build Order
Export as new Build Order

Zanster Zerg 

Build Orders: Hatch First 

Get SALT Encoding   

  12  0:00  Drone  
  13  0:13  Overlord  
  13  0:17  Drone  
  14  0:32  Drone x2  
  14  0:35  Drone  
  17  0:52  Hatchery  
  17  0:54  Drone  
  17  0:58  Drone  
  18  1:07  Extractor  
  17  1:14  Spawning Pool  
  17  1:16  Drone  
  17  1:18  Drone  
  18  1:28  Drone  
  19  1:40  Drone  
  20  1:51  Overlord  
  20  2:01  Queen  
  20  2:03  Queen  
  20  2:04  Zergling x4  
  26  2:10  Metabolic Boost  
  26  2:11  Drone  
  26  2:15  Drone  
  28  2:22  Drone  
  29  2:25  Drone  
  30  2:34  Hatchery  
  29  2:40  Queen  
  29  2:43  Drone  
  32  2:47  Overlord  
  32  2:50  Zergling x2  
  33  2:51  Zergling x2  
  33  2:57  Drone  
  33  2:58  Drone  
  36  3:05  Overlord  
  36  3:09  Drone  
  36  3:10  Drone x2  
  39  3:15  Drone x3  
  39  3:19  Drone x2  
  44  3:28  Drone  
  44  3:29  Overlord  
  44  3:38  Drone  
  44  3:39  Drone  
  46  3:46  Overlord, Spore Crawler  
  46  3:48  Drone  
  46  3:49  Spore Crawler  
  46  3:50  Zergling x2  
  46  3:51  Zergling x8  
  46  3:52  Zergling x2  
  46  3:53  Zergling x2  
  52  3:59  Lair  
  52  4:01  Drone  
  53  4:03  Spore Crawler  
  53  4:06  Drone  
  53  4:07  Drone  
  54  4:11  Extractor x2  
  52  4:18  Drone x5  
  52  4:22  Overlord  
  52  4:23  Overlord  
  57  4:35  Overlord  
  57  4:46  Drone x9  
  57  4:48  Drone  
  67  4:54  Drone  
  67  4:56  Extractor  
  67  4:57  Overlord  
  61  5:03  Drone  
  61  5:04  Drone x6  
  64  5:09  Hydralisk Den  
  64  5:10  Drone  
  64  5:11  Drone  
  63  5:16  Drone  
  63  5:22  Zergling x8  
  63  5:28  Zergling x6  
  69  5:29  Overlord  
  69  5:33  Zergling x10  
  69  5:34  Zergling x2  
  72  5:44  Overlord  
  72  5:50  Muscular Augments  
  72  5:54  Hydralisk x5  
  72  5:56  Hydralisk  
  83  5:59  Hydralisk  
  85  6:06  Hydralisk  
  85  6:07  Hydralisk  
  83  6:11  Hydralisk  
  83  6:12  Zergling x6  
  83  6:13  Zergling x2  
  89  6:19  Zergling x4  
  89  6:20  Baneling Nest  
  89  6:23  Overlord  
  89  6:24  Hydralisk  
  92  6:27  Hydralisk  
  94  6:36  Hydralisk  
  94  6:37  Zergling x8  
  91  6:43  Zergling x10  
  93  6:52  Zergling x12  
  93  6:54  Zergling x4  
  98  7:02  Zergling x2, Hydralisk  
  98  7:03  Overseer  
  98  7:04  Centrifical Hooks  
  101  7:09  Zergling x2  
  101  7:13  Overlord  
  103  7:15  Zergling x2  
  103  7:16  Zergling x6  
  103  7:18  Baneling x6  
  103  7:19  Baneling  
  103  7:20  Baneling x2  
  103  7:21  Baneling  
  103  7:22  Baneling  
  106  7:23  Baneling x2  
  106  7:24  Baneling  
  106  7:26  Zergling x2  
  106  7:27  Zergling x2  
  108  7:30  Zergling x2  
  108  7:31  Zergling x2  
  104  7:38  Zergling x10  
  103  7:46  Hydralisk x3  
  103  7:47  Zergling x2  
  103  7:49  Zergling x2  
  103  7:50  Zergling x2  
  104  7:51  Zergling x2  
  104  7:55  Hydralisk  
  106  8:00  Baneling  
  106  8:01  Baneling x4, Evolution Chamber  
  106  8:05  Zergling x2, Hydralisk  
  107  8:06  Zergling x2  
  107  8:08  Baneling x3  
  107  8:09  Baneling  
  107  8:10  Baneling  
  108  8:23  Hydralisk  
  108  8:24  Zergling x16  
  101  8:28  Hydralisk  
  101  8:29  Zergling x2  
  101  8:32  Hydralisk  
  101  8:33  Zergling x2  
  88  8:34  Zergling x2  
  83  8:43  Drone  
  83  8:44  Drone x5  
  89  8:49  Hydralisk  
  89  8:50  Hydralisk  
  93  8:58  Baneling x3  
  93  8:59  Baneling  
  93  9:00  Baneling  
Tags
 
Add a new tag
Caveats
  • Supply blocks, unpowered buildings, or Contaminate may cause inaccurate times.
  • Supply counts are checked every 10 seconds.